 Dungeon Crawl Stone Soup version 0.14-a0-1585-g835621a (webtiles) character file.

31 4tharraofdagon the Firebug (level 3, -7/28 HPs)
             Began as a Naga Fire Elementalist on Dec 22, 2013.
             Was an Initiate of Sif Muna.
             Mangled by Prince Ribbit (8 damage)
             ... on Level 4 of the Dungeon.
             The game lasted 00:03:50 (533 turns).

4tharraofdagon the Firebug (Naga Fire Elementalist)  Turns: 533, Time: 00:03:50

HP  -7/28        AC  2     Str 10      XL: 3   Next: 22%
MP   2/6         EV 13     Int 16      God: Sif Muna [......]
Gold 0           SH  0     Dex 11      Spells:  2 memorised,  2 levels left

rFire  . . .     SeeInvis +     l - +1,+2 great sword
rCold  . . .     Clarity  .     a - +0 robe
rNeg   + . .     Conserve .     (no shield)
rPois  +         rCorr    +     (no helmet)
rElec  .         rRot     .     (no cloak)
SustAb . .       Spirit   .     (no gloves)
rMut   .         Warding  .     (no barding)
Saprov . . .     Stasis   .     i - amulet of resist corrosion
                                j - ring of positive energy
                                d - +3 ring of evasion

@: short of breath, very slightly contaminated, hasted, quick, slightly
resistant to hostile enchantments, fairly stealthy
A: spit poison, see invisible, deformed body, poison resistance, slowness 2, AC
+1
a: Spit Poison, Renounce Religion


You were on level 4 of the Dungeon.
You worshipped Sif Muna.
Sif Muna was noncommittal.
You were not hungry.

You visited 1 branch of the dungeon, and saw 4 of its levels.

Inventory:

Hand weapons
 h - a +0,+0 elven dagger
 l - a +1,+2 great sword (weapon)
Armour
 a - a +0 robe (worn)
Comestibles
 c - a bread ration
 f - a slice of pizza
Scrolls
 k - a scroll of enchant weapon II {unknown}
 n - 3 scrolls of remove curse {unknown}
 o - a scroll of random uselessness
Jewellery
 d - a +3 ring of evasion (left hand)
 i - an amulet of resist corrosion (around neck)
 j - a ring of positive energy (right hand)
Books
 b - a book of Flames

   Spells                             Type                      Level
   *Flame Tongue                      Conjuration/Fire             1
   Throw Flame                        Conjuration/Fire             2
   *Conjure Flame                     Conjuration/Fire             3
   Inner Flame                        Hexes/Fire                   3
   Sticky Flame                       Conjuration/Fire             4
   Fireball                           Conjuration/Fire             5


   Skills:
 - Level 1.5 Dodging
 - Level 3.0 Stealth
 + Level 2.2 Spellcasting
 * Level 2.2 Conjurations
 * Level 3.4 Fire Magic


You had 2 spell levels left.
You knew the following spells:

 Your Spells              Type           Power        Failure   Level  Hunger
a - Flame Tongue          Conj/Fire      ##...        10%         1    #......
b - Conjure Flame         Conj/Fire      ##......     21%         3    ####...


Dungeon Overview and Level Annotations

Branches:
Dungeon (4/16)
 Temple: D:4-7

Altars:
Okawaru
Sif Muna

Annotations:
D:2 Sigmund
D:4 Prince Ribbit


Innate Abilities, Weirdness & Mutations

You cannot wear boots.
You can spit poison.
Your serpentine skin is tough (AC +1).
You have supernaturally acute eyesight.
Armour fits poorly on your strangely shaped body.
Your system is resistant to poisons.
You cover ground very slowly.


Message History

Aiming: Flame Tongue
Press: ? - help, Shift-Dir - straight line, f/p - Prince Ribbit
Aim: Prince Ribbit (flame)
The flame misses Prince Ribbit.
The flame hits the goblin skeleton.
You destroy the goblin skeleton!
Prince Ribbit is engulfed in roaring flames.
Prince Ribbit hits you!
Ouch! That really hurt!
* * * LOW HITPOINT WARNING * * *
You aren't carrying any potions.
Read which item? (? for menu, Esc to quit)
Okay, then.
Prince Ribbit momentarily phases out as your attack passes through him.
Prince Ribbit is moderately wounded.
Prince Ribbit is engulfed in roaring flames.
Prince Ribbit hops awkwardly around.
Prince Ribbit barely misses you.
Prince Ribbit is engulfed in roaring flames.
Prince Ribbit hits you!
You die...

#.l ### #
# #
###.######
.$a.S..F@#
......####
... .


You could see Prince Ribbit, a worker ant and an adder.

Vanquished Creatures
  A giant mite (D:3)
  6 goblins
  A hobgoblin (D:2)
  2 quokkas
  4 training dummies (D:2)
  A ball python (D:1)
  A bat (D:1)
  A giant newt (D:2)
  A goblin skeleton (D:4)
  A kobold (D:2)
  5 rats
24 creatures vanquished.

Notes
Turn   | Place    | Note
--------------------------------------------------------------
     0 | D:1      | 4tharraofdagon, the Naga Fire Elementalist, began the quest for the Orb.
     0 | D:1      | Reached XP level 1. HP: 15/15 MP: 3/3
   114 | D:2      | Found a deep blue altar of Sif Muna.
   118 | D:2      | Became a worshipper of Sif Muna the Loreminder
   120 | D:2      | Bloax: oogabooga hi
   128 | D:2      | Bloax: also lookie
   134 | D:2      | Bloax: great sword
   139 | D:2      | 4tharraofdagon: UGA!
   144 | D:2      | Found an iron altar of Okawaru.
   173 | D:2      | Bloax: I'm really liking those vine stalkers.
   176 | D:2      | Reached XP level 2. HP: 16/22 MP: 1/4
   289 | D:2      | Noticed Sigmund
   461 | D:3      | Reached XP level 3. HP: 14/28 MP: 3/6
   466 | D:3      | Learned a level 3 spell: Conjure Flame
   525 | D:4      | Noticed Prince Ribbit
   532 | D:4      | HP: 1/28 [Prince Ribbit (19)]
   533 | D:4      | Mangled by Prince Ribbit

Action                   || total
-------------------------++-------
Melee: Great sword       ||    13
 Cast: Flame Tongue      ||    10
       Conjure Flame     ||     1
 Abil: Spit Poison       ||    17
  Use: Potion            ||     3
       Scroll            ||     3
